 Dungeon Crawl Stone Soup version 0.19.1 (webtiles) character file.

298479 Idleism the Axe Maniac (level 20, -4/203 HPs)
             Began as a Hill Orc Fighter on Dec 1, 2016.
             Was the Champion of Beogh.
             Slain by a juggernaut (33 damage)
             ... on level 3 of the Depths on Dec 3, 2016.
             The game lasted 03:16:32 (37012 turns).

Idleism the Axe Maniac (Hill Orc Fighter)          Turns: 37012, Time: 03:16:33

Health: -4/203     AC: 33    Str: 32    XL:     20   Next: 96%
Magic:  24/24      EV:  7    Int: 11    God:    Beogh [******]
Gold:   1999       SH:  8    Dex: 12    Spells: 0 memorised, 21 levels left

rFire  + + .     SeeInvis +     a - +8 executioner's axe "Gouf" {pain, rElec}
rCold  + . .     Gourm    .     e - +0 gold dragon scales
rNeg   + . .     Faith    .     (shield currently unavailable)
rPois  +         Spirit   .     q - +1 hat of Syeg Zami {Regen+}
rElec  +         Reflect  +     x - +2 cloak of Intuition {rF+ rN+}
rCorr  .         Harm     .     k - +0 pair of gloves
MR     ++...                    c - +2 pair of boots of the Orb {Int+2}
Stlth  ..........               i - brooch of Shielding {Reflect SH+8}
                                N - ring of protection from magic
                                B - ring of the Princess {rElec rPois Str+7 SInv Stlth+}

@: no status effects
A: walk on water, evolution 1
a: Smiting, Recall Orcish Followers, Give Item to Named Follower, Resurrection,
Renounce Religion
}: 2/15 runes: serpentine, barnacled


You were on level 3 of the Depths.
You worshipped Beogh.
Beogh was exalted by your worship.
You were not hungry.

You visited 8 branches of the dungeon, and saw 38 of its levels.
You visited 1 bazaar.
You also visited: Trove, Ice Cave and Volcano.

You collected 4196 gold pieces.
You spent 2197 gold pieces at shops.

Inventory:

Hand Weapons
 a - the +8 executioner's axe "Gouf" (weapon) {pain, rElec}
   (You acquired it on level 14 of the Dungeon)

   In the hands of one skilled in necromantic magic, it inflicts extra damage on
   living creatures.
   It insulates you from electricity.
 b - a +1 battleaxe of flaming
 O - the +3 long sword of Sloth {holy, *Rage +Inv rC- Dex+7}
   (You found it on level 1 of the Snake Pit)

   It has been blessed by the Shining One to cause great damage to the undead
   and demons.
   It affects your dexterity (+7).
   It makes you vulnerable to cold.
   It lets you turn invisible.
   It may make you go berserk in combat.
Missiles
 s - 6 poisoned tomahawks (quivered)
 R - 4 silver tomahawks
Armour
 c - the +2 pair of boots of the Orb (worn) {Int+2}
   (You bought it in a shop on level 13 of the Dungeon)

   It affects your intelligence (+2).
 e - +0 gold dragon scales (worn)
 k - a +0 pair of gloves (worn)
 q - the +1 hat of Syeg Zami (worn) {Regen+}
   (You found it in a treasure trove)

   It increases your rate of regeneration.
 x - the +2 cloak of Intuition (worn) {rF+ rN+}
   (You bought it in a shop on level 8 of the Dungeon)

   It protects you from fire.
   It protects you from negative energy.
Rods
 A - a +5 rod of shadows (11/11)
   (You took it off a spriggan air mage on level 3 of the Depths)
Jewellery
 d - an uncursed ring of positive energy
 g - the ring "Garew" {rPois rC++ Stlth+}
   (You found it in a treasure trove)

   [ring of poison resistance]

   It greatly protects you from cold.
   It protects you from poison.
   It makes you more stealthy.
 i - the brooch of Shielding (around neck) {Reflect SH+8}
   (You found it in a treasure trove)

   [amulet of reflection]

   It shields you and reflects attacks.
   It affects your SH (+8).
 B - the ring of the Princess (left hand) {rElec rPois Str+7 SInv Stlth+}
   (You found it in a treasure trove)

   [ring of see invisible]

   It affects your strength (+7).
   It insulates you from electricity.
   It protects you from poison.
   It lets you see invisible.
   It makes you more stealthy.
 H - an uncursed ring of protection from magic
 N - a ring of protection from magic (right hand)
 T - a +6 ring of strength
 W - an uncursed ring of positive energy
 X - an uncursed ring of wizardry
 Z - a ring of the Octopus King {MP+9 AC+1 EV+1 Str+1 Int+1 Dex+1, unknown}
   (You took it off a spriggan air mage on level 3 of the Depths)

   [ring of magical power]

   It affects your AC (+1).
   It affects your evasion (+1).
   It affects your strength (+1).
   It affects your intelligence (+1).
   It affects your dexterity (+1).
   It affects your magic capacity (+9).
Wands
 j - a wand of iceblast (10/15)
 n - a wand of heal wounds (1/9)
 p - a wand of acid (8/15)
 G - a wand of teleportation (6/9)
 J - a wand of disintegration (8/24)
 M - a wand of digging (18/24)
Scrolls
 h - 7 scrolls of teleportation
 o - 6 scrolls of blinking
 v - 2 scrolls of fog
 y - 4 scrolls of recharging
 D - 4 scrolls of fear
 E - 14 scrolls of remove curse
 F - 5 scrolls of magic mapping
 K - 4 scrolls of enchant weapon
 L - a scroll of brand weapon
 P - 6 scrolls of identify
 S - a scroll of acquirement
 V - 4 scrolls of amnesia
Potions
 l - 3 potions of agility
 u - 2 potions of curing
 w - 3 potions of heal wounds
 C - a potion of flight
 Q - a potion of resistance
 U - 4 potions of cancellation
Comestibles
 f - 19 bread rations
 m - 16 royal jellies
 Y - 8 meat rations


   Skills:
 + Level 23.1 Fighting
 O Level 27 Axes
 - Level 19.2 Armour
   Level 3.2 Shields
 - Level 1.1 Spellcasting
 - Level 6.0 Evocations


You had 21 spell levels left.
You didn't know any spells.

Dungeon Overview and Level Annotations

Branches:
Dungeon (15/15)            Temple (1/1) D:6            Lair (6/6) D:10
 Shoals (4/4) Lair:2        Snake (4/4) Lair:2        Slime (0/5) Lair:5
    Orc (2/2) D:12            Elf (2/3) Orc:2        Vaults (0/5) D:13
 Depths (4/5) D:15

Altars:
Ashenzari
Cheibriados
Dithmenos
Elyvilon
Fedhas
Gozag
Hepliaklqana
Kikubaaqudgha
Makhleb
Nemelex Xobeh
Okawaru
Qazlal
Ru
Sif Muna
Trog
Uskayaw
Vehumet
Xom
Yredelemnul
Zin
The Shining One
Beogh
Jiyva

Shops:
D:5 (   D:8 ([[}   D:13 *   Orc:2 *?(*!   Snake:2 (   Snake:4 =}=

Portals:
Hell: Depths:1 Depths:2 Depths:3
Abyss: Depths:3
Pandemonium: Depths:3

Annotations:
D:9 exclusion: orange crystal statue
D:10 18 identify TROVE
D:15 exclusions: obsidian statue and orange crystal statue
Lair:3 exclusion: oklob plant
Lair:4 Sonja
Lair:5 1 runed door, 1 exclusion


Innate Abilities, Weirdness & Mutations

You can walk on water.
You evolve.


Message History

Press: ? - help, Shift-Dir - straight line, f - you You feel much better.
This wand has 2 charges left.
You barely miss the juggernaut.
The juggernaut is severely wounded.
The juggernaut hits you!!!
* * * LOW HITPOINT WARNING * * *
The juggernaut hits you!
* * * LOW HITPOINT WARNING * * *
You slice the juggernaut!!
The juggernaut is almost dead.
Evoke which item? (* to show all) (? for menu, Esc to quit)
Zapping:
n - a wand of heal wounds (2/9)
Press: ? - help, Shift-Dir - straight line, f - you You feel much better.
This wand has 1 charge left.
You slash the juggernaut!
The juggernaut is almost dead.
You hit the juggernaut.
The juggernaut is almost dead.
The juggernaut hits you!!
You die...

.#.##D!(##.#....#..∩..#...#
.#.#.###.#.#)...#...##..#.#
.#(###.###.#/...#......#..#
.#(........#..#.)#....#..## #####
.###########(.....####..## #..#.
.# ##..........>......######....
.####.....(.................#....
................C...........#....
###.....≈≈..≈..#@##..............
#......≈(.≈.[.#..............o..
#...............≈..........≈....
####...........................o.
#.#...(..######....######....#...
.>....(..#)........#............#
..≈≈≈≈(≈[#.........#......##...##
....≈≈≈≈.#.........#......##....#
....≈≈≈≈.#.........#.............


You could see a juggernaut.

Vanquished Creatures
  A juggernaut (Depths:3)
  Nikola (Snake:1)
  A golden dragon (Depths:3)
  A tentacled monstrosity (Depths:3)
  A titan (Depths:2)
  A deep elf blademaster (Elf:2)
  The ghost of Vajrapani the Grappler, an adept TrFi of Uskayaw (Snake:3)
  A kraken (Shoals:3)
  Frances (D:12)
  A storm dragon (Depths:3)
  A tengu reaver (Depths:1)
  8 nagarajas
  3 frost giants
  4 fire giants
  An iron dragon (Depths:3)
  Louise (Depths:3)
  A deep elf elementalist (Elf:1)
  Aizul (Elf:1)
  4 spriggan defenders (Depths:3)
  10 very ugly things
  10 stone giants
  4 vampire knights
  A blizzard demon (IceCv)
  8 ettins
  2 merfolk javelineers (Shoals:4)
  4 fire dragons
  4 merfolk impalers
  A yaktaur captain (Depths:2)
  3 ice dragons
  15 naga warriors
  A rakshasa (D:13)
  Harold (Lair:4)
  4 hydras
  A vault guard (D:13)
  2 merfolk avatars
  2 spriggan air magi
  A hell beast (Depths:2)
  6 anacondas
  8 centaur warriors
  A satyr (Shoals:3)
  2 ogre magi (Depths:2)
  11 dancing weapons
  2 alligator snapping turtles
  5 death yaks (Lair:6)
  A merfolk aquamancer (Shoals:4)
  6 deep troll earth magi
  3 tengu warriors
  Urug (Lair:5)
  A vampire mage (Depths:3)
  A deep troll shaman (Depths:2)
  4 shock serpents
  21 slime creatures
  A soul eater (Depths:2)
  3 spriggan berserkers
  9 naga sharpshooters
  9 deep elf knights
  A sun demon (Depths:2)
  A fire crab (Lair:6)
  3 salamander mystics
  10 sea snakes
  2 flayed ghosts
  A golden dragon zombie (Depths:2)
  2 unseen horrors
  12 deep trolls
  A glowing orange brain (Depths:2)
  A hill giant (D:10)
  3 lindwurms (Lair:6)
  5 wizards
  3 deep elf archers
  7 harpies
  An orc knight (Orc:2)
  2 necromancers
  5 mana vipers
  27 deep elf magi
  4 cyclopes
  26 ugly things
  2 fauns (Shoals:1)
  4 salamanders (Snake:4)
  7 manticores
  10 elephants
  Maurice (D:10)
  4 sirens
  4 water nymphs
  A rust devil (Depths:2)
  18 black mambas
  A centaur zombie (D:15)
  2 guardian serpents (Snake:2)
  4 molten gargoyles
  2 ice statues (IceCv)
  4 spiny frogs
  A torpor snail (Lair:6)
  24 naga magi
  2 gargoyles
  2 kobold demonologists (D:15)
  8 komodo dragons
  A freezing wraith (D:15)
  A rime drake (Lair:3)
  An efreet (Volcano)
  10 yaktaurs
  14 ice devils
  6 merfolk
  6 trolls
  3 meliai (D:14)
  2 polar bears
  2 tengu conjurers
  A wind drake (shapeshifter) (Depths:2)
  6 snapping turtles
  6 hornets
  5 two-headed ogres
  7 dream sheep
  A wind drake (Shoals:2)
  3 blink frogs
  A spriggan zombie (Depths:2)
  7 hippogriffs
  8 air elementals
  An ettin skeleton (Depths:2)
  6 water elementals
  3 fire elementals
  A vampire (D:13)
  4 spriggans (Depths:3)
  7 wyverns
  A wraith (D:13)
  5 basilisks
  14 humans (D:13)
  8 fire bats (Volcano)
  43 yaks
  A vampire mosquito (D:15)
  Grum (D:8)
  A steam dragon (D:10)
  3 mottled dragons
  A mottled dragon (shapeshifter) (Elf:1)
  39 nagas
  Edmund (D:5)
  9 water moccasins
  A soldier ant (shapeshifter) (D:15)
  2 soldier ants
  3 hell hounds (Lair:6)
  3 porcupines
  A black bear (D:13)
  An orc warrior (Orc:1)
  Duvessa (D:5)
  A sky beast (D:6)
  5 ice beasts
  5 wolves
  An eye of draining (D:13)
  14 ogres
  2 phantoms
  4 boggarts (Depths:3)
  19 centaurs
  7 crocodiles
  6 big kobolds
  13 bullfrogs
  2 earth elementals
  Dowan (D:5)
  A water moccasin zombie (D:5)
  A wyvern skeleton (D:6)
  6 scorpions
  11 wights
  4 howler monkeys
  2 electric eels (Lair:2)
  7 crimson imps
  A quasit (Depths:3)
  8 lava snakes
  7 hounds
  6 orc priests
  3 centaur skeletons
  9 jellies
  Crazy Yiuf (D:2)
  9 orc wizards
  4 iguanas
  Natasha (twice) (D:2)
  7 worker ants
  2 hound zombies
  The ghost of dscm the Digger, a weakling OpEE (D:4)
  A hound skeleton (D:8)
  Robin (D:2)
  A worker ant zombie (D:8)
  6 gnolls
  14 adders
  2 shadow imps
  5 white imps (IceCv)
  2 ufetubi (IceCv)
  7 oozes
  An adder zombie (D:6)
  An adder skeleton (D:8)
  4 worms
  4 dart slugs
  The ghost of dscm the Digger, a weakling OpEE (D:3)
  7 leopard geckos
  24 orcs
  A ball python (D:3)
  3 giant cockroaches
  4 hobgoblins
  16 jackals
  24 kobolds
  9 quokkas
  4 bats
  5 frilled lizards
  16 goblins
  A leopard gecko skeleton (D:4)
  11 rats
  3 fungi
  7 plants
  3 tentacles (Shoals:3)
1033 creatures vanquished.

Vanquished Creatures (collateral kills)
  Mara (Snake:4)
  Jorgrun (Snake:4)
  Kirke (Lair:5)
  2 nagarajas
  A fire giant (Depths:2)
  A frost giant (Depths:3)
  5 very ugly things
  A stone giant (Depths:1)
  A merfolk javelineer (Shoals:4)
  2 merfolk impalers
  2 fire dragons
  2 naga warriors
  3 hydras (Lair:6)
  A catoblepas (Shoals:1)
  2 vault guards
  2 spriggan air magi
  A merfolk aquamancer (Shoals:3)
  4 anacondas
  6 dancing weapons (Elf:2)
  An alligator snapping turtle (Shoals:3)
  A tengu warrior (D:15)
  A deep troll earth mage (Depths:2)
  The ghost of sveltemanboy the Covert, a journeyman DEEn of Dithmenos (D:11)
  2 spriggans (Depths:3)
  2 naga sharpshooters
  A deep elf knight (Elf:2)
  A naga ritualist (Snake:2)
  3 sea snakes (Shoals:3)
  4 deep elf archers
  2 deep trolls
  A lindwurm (Lair:6)
  A hill giant (D:10)
  5 ugly things
  4 harpies (Shoals:1)
  A mana viper (Snake:2)
  8 fauns
  15 deep elf magi
  A salamander (Snake:2)
  A manticore (Shoals:4)
  2 cyclopes
  2 black mambas
  3 elephants
  A guardian serpent (Snake:4)
  6 naga magi
  2 sirens
  A water nymph (Shoals:3)
  A spiny frog (Lair:1)
  3 molten gargoyles
  3 komodo dragons
  A yaktaur (D:13)
  A kobold demonologist (D:15)
  A freezing wraith (D:15)
  An efreet (D:15)
  2 wind drakes (Shoals:3)
  2 trolls
  A troll (shapeshifter) (D:14)
  2 hornets (Depths:3)
  3 merfolk
  7 blink frogs
  3 slime creatures
  A sphinx simulacrum (Depths:2)
  A dream sheep (Lair:3)
  3 hippogriffs
  A snapping turtle (Shoals:1)
  A wraith (D:15)
  2 air elementals (Depths:2)
  A shadow (D:15)
  20 yaks
  A vampire (D:15)
  5 humans (D:13)
  2 basilisks
  4 hogs (Lair:5)
  3 vampire mosquitoes (D:15)
  A mottled dragon (D:15)
  8 nagas
  7 water moccasins
  5 porcupines
  2 hell hounds (Lair:6)
  A sky beast (D:10)
  7 orc warriors (Orc:2)
  7 wolves
  9 centaurs
  4 ogres
  5 crocodiles
  A big kobold (D:10)
  6 bullfrogs
  A howler monkey (D:9)
  An electric eel (Lair:2)
  2 lava snakes
  3 orc priests
  A bullfrog skeleton (D:10)
  A jelly (D:9)
  A gnoll (D:9)
  8 orcs
  9 kobolds
  2 fungi
  8 plants
288 creatures vanquished.

Vanquished Creatures (others)
  An orc warlord (Snake:4)
  16 orc knights
  A centaur warrior (Depths:1)
  5 orc high priests
  A naga sharpshooter (Snake:4)
  A deep elf mage (Elf:1)
  An orc sorcerer (Elf:1)
  A hornet (Depths:3)
  4 slime creatures (Depths:3)
  A spriggan (Depths:3)
  21 orc warriors
  A naga (Snake:4)
  2 ogres (Depths:2)
  11 orc priests
  8 orc wizards
  4 white imps (IceCv)
  7 ufetubi (IceCv)
  33 orcs
  12 fungi
  13 plants
  3 tentacles (Shoals:3)
  A withered plant (Shoals:1)
148 creatures vanquished.

Grand Total: 1469 creatures vanquished

Notes
Turn   | Place    | Note
-------+----------+-------------------------------------------
     0 | D:1      | Idleism the Hill Orc Fighter began the quest for the Orb.
     0 | D:1      | Reached XP level 1. HP: 19/19 MP: 1/1
   152 | D:1      | Reached skill level 3 in Axes
   178 | D:1      | Reached XP level 2. HP: 22/26 MP: 2/2
   340 | D:1      | Reached skill level 4 in Axes
   417 | D:1      | Reached XP level 3. HP: 31/31 MP: 3/3
   754 | D:2      | Reached skill level 5 in Axes
   947 | D:2      | Reached XP level 4. HP: 38/39 MP: 4/4
  1005 | D:2      | Noticed Natasha
  1014 | D:2      | Killed Natasha
  1014 | D:2      | Reached skill level 6 in Axes
  1097 | D:2      | Noticed Robin
  1098 | D:2      | Noticed Natasha
  1426 | D:2      | Found a runed door.
  1430 | D:2      | Noticed Crazy Yiuf
  1437 | D:2      | Killed Crazy Yiuf
  1437 | D:2      | Reached skill level 7 in Axes
  1437 | D:2      | Reached XP level 5. HP: 34/45 MP: 5/5
  1513 | D:2      | Killed Robin
  1599 | D:2      | Killed Natasha
  1759 | D:3      | Noticed dscm's ghost (weakling OpEE)
  1759 | D:3      | Became a worshipper of Beogh the Brigand
  1761 | D:3      | Killed dscm's ghost
  2151 | D:3      | Reached XP level 6. HP: 52/52 MP: 6/6
  2281 | D:4      | Noticed dscm's ghost (weakling OpEE)
  2284 | D:4      | Killed dscm's ghost
  2298 | D:3      | Reached skill level 8 in Axes
  2416 | D:4      | Reached * piety under Beogh
  2439 | D:4      | Found a radiant altar of Vehumet.
  2701 | D:4      | Found a bloodstained altar of Trog.
  2866 | D:4      | Reached skill level 5 in Armour
  2866 | D:4      | Reached XP level 7. HP: 10/59 MP: 7/7
  3134 | D:5      | Entered Level 5 of the Dungeon
  3184 | D:5      | Noticed Duvessa
  3186 | D:5      | Noticed Dowan
  3694 | D:5      | Reached skill level 9 in Axes
  3892 | D:5      | Killed Duvessa
  3892 | D:5      | Reached XP level 8. HP: 58/66 MP: 8/8
  3892 | D:5      | Killed Dowan
  3892 | D:5      | Reached skill level 10 in Axes
  3898 | D:5      | Found Loifib's Weapon Emporium.
  4030 | D:5      | Reached ** piety under Beogh
  4117 | D:5      | Noticed Edmund
  4137 | D:5      | Killed Edmund
  4137 | D:5      | Reached skill level 11 in Axes
  4149 | D:5      | Found an iron altar of Okawaru.
  4150 | D:5      | Found a shattered altar of Ashenzari.
  4508 | D:6      | Reached skill level 12 in Axes
  4726 | D:6      | Found a staircase to the Ecumenical Temple.
  4746 | Temple   | Entered the Ecumenical Temple
  5092 | D:6      | Reached XP level 9. HP: 59/71 MP: 9/9
  5103 | D:6      | Gained mutation: You have a pair of small antennae on your head. [potion of mutation]
  5103 | D:6      | Gained mutation: You are clumsy. (Dex -2) [potion of mutation]
  5103 | D:6      | Gained mutation: You are dopey. (Int -2) [potion of mutation]
  5243 | D:6      | Reached skill level 13 in Axes
  5549 | D:7      | Found a basalt altar of Yredelemnul.
  5618 | D:7      | Found a white marble altar of Elyvilon.
  6051 | D:7      | Found a blossoming altar of Fedhas.
  6193 | D:8      | Found Niyler's Gadget Boutique.
  6195 | D:8      | Noticed a brown ugly thing
  6227 | D:8      | Found Nantih's Antique Armour Shoppe.
  6235 | D:8      | Bought a polished cloak for 304 gold pieces
  6245 | D:8      | Identified the +2 cloak of Intuition {rF+ rN+} (You bought it in a shop on level 8 of the Dungeon)
  6564 | D:8      | Noticed Grum
  6582 | D:8      | Killed Grum
  6582 | D:8      | Reached skill level 14 in Axes
  6894 | D:8      | Found Quseec's Armour Boutique.
  7091 | D:8      | Reached *** piety under Beogh
  7152 | D:8      | Found Okhlydeg's Weapon Shoppe.
  7160 | D:8      | Reached skill level 15 in Axes
  7420 | D:8      | Found a snail-covered altar of Cheibriados.
  7701 | D:9      | Reached XP level 10. HP: 75/79 MP: 10/10
  7781 | D:9      | Found a glowing golden altar of the Shining One.
  7821 | D:9      | Gained Grimold as an ally
  7910 | D:9      | Reached **** piety under Beogh
  7910 | D:9      | Reached skill level 16 in Axes
  7960 | D:9      | Noticed an orange crystal statue
  8503 | D:10     | Entered Level 10 of the Dungeon
  8578 | D:10     | Reached skill level 5 in Fighting
  8628 | D:10     | Noticed a hill giant
  8636 | D:10     | Killed a hill giant
  8769 | D:10     | Noticed Maurice
  8777 | D:10     | Paralysed by Maurice for 5 turns
  8839 | D:10     | Noticed a hill giant
  8850 | D:10     | Killed a hill giant
  9331 | D:10     | Paralysed by Maurice for 3 turns
  9376 | D:10     | Gained Bogwik as an ally
  9793 | D:10     | Killed Maurice
  9914 | D:10     | Noticed a vault guard
  9928 | D:10     | Killed a vault guard
  9928 | D:10     | Reached skill level 10 in Fighting
  9959 | D:10     | Found a portal to a secret trove of treasure.
 10152 | D:10     | Reached XP level 11. HP: 98/101 MP: 11/11
 10172 | D:10     | Killed an unseen horror
 10225 | D:10     | Found a staircase to the Lair.
 10286 | Lair:1   | Entered Level 1 of the Lair of Beasts
 10552 | Lair:1   | Reached ***** piety under Beogh
 11144 | Lair:2   | Killed a naga sharpshooter
 11150 | Lair:2   | Found a staircase to the Shoals.
 11232 | Lair:2   | Found a dark tunnel.
 11345 | Volcano  | Entered a volcano
 11385 | Volcano  | Reached skill level 10 in Armour
 11539 | Volcano  | Reached XP level 12. HP: 80/112 MP: 12/12
 11558 | Volcano  | Noticed a stone giant
 11577 | Volcano  | Killed a stone giant
 11577 | Volcano  | Reached skill level 17 in Axes
 11585 | Volcano  | Found a burning altar of Makhleb.
 12106 | Lair:2   | Found a staircase to the Snake Pit.
 12976 | Lair:3   | Reached skill level 18 in Axes
 13606 | Lair:4   | Noticed Sonja
 14233 | Lair:4   | Noticed Harold
 14245 | Lair:4   | Killed Harold
 14475 | Lair:5   | Noticed Kirke
 14476 | Lair:5   | Reached skill level 19 in Axes
 14489 | Lair:5   | Your ally Grimold died
 14518 | Lair:5   | Killed Kirke
 15145 | Lair:5   | Found a runed door.
 15145 | Lair:5   | Found a viscous altar of Jiyva.
 15147 | Lair:5   | Found a staircase to the Slime Pits.
 15147 | Lair:5   | Noticed an acid blob
 15176 | Lair:5   | Reached skill level 20 in Axes
 15178 | Lair:5   | Reached XP level 13. HP: 85/118 MP: 13/13
 15469 | Lair:5   | Noticed Urug
 15487 | Lair:5   | Killed Urug
 15807 | Lair:6   | Entered Level 6 of the Lair of Beasts
 15821 | Lair:6   | Reached ****** piety under Beogh
 16065 | Lair:6   | Gained mutation: You have sharp fingernails. [potion of beneficial mutation]
 16895 | Lair:6   | Reached skill level 15 in Fighting
 17130 | Lair:6   | Found a large runed door.
 17134 | Lair:6   | Found a large runed door.
 17153 | Lair:6   | Noticed a fire dragon
 17162 | Lair:6   | Killed a fire dragon
 18015 | Lair:6   | Reached XP level 14. HP: 122/138 MP: 14/14
 18647 | Lair:6   | Got a translucent cloak
 18959 | D:10     | Identified the +1 cloak of the Deaths {rPois Int+2} (You found it on level 6 of the Lair of Beasts)
 18999 | D:10     | You paid a toll of 18 scrolls of identify to enter a treasure trove
 19000 | Trove    | Entered a treasure trove
 19016 | Trove    | Got a faintly glowing marble ring
 19023 | Trove    | Got a bloodstained hat
 19027 | Trove    | Got a faintly glowing shortbow
 19035 | Trove    | Got a translucent copper ring
 19073 | D:10     | Identified the ring "Garew" {rPois rC++ Stlth+} (You found it in a treasure trove)
 19075 | D:10     | Identified the ring of the Princess {rElec rPois Str+7 SInv Stlth+} (You found it in a treasure trove)
 19083 | D:10     | Identified the +1 hat of Syeg Zami {Regen+} (You found it in a treasure trove)
 19088 | D:10     | Identified the cursed +1 shortbow of the Harvest {flame, Str+7} (You found it in a treasure trove)
 19285 | D:11     | Noticed sveltemanboy's ghost (journeyman DEEn)
 19292 | D:11     | Killed sveltemanboy's ghost
 19879 | D:12     | Found a burning altar of Makhleb.
 19933 | D:12     | Found a staircase to the Orcish Mines.
 20141 | D:12     | Noticed Frances
 20159 | D:12     | Killed Frances
 20384 | Orc:1    | Entered Level 1 of the Orcish Mines
 20484 | D:13     | Reached skill level 21 in Axes
 20575 | D:13     | Gained Olfik as an ally
 20665 | D:13     | Gained Syrus as an ally
 21100 | D:13     | Found a gate to the Vaults.
 21107 | D:13     | Reached skill level 22 in Axes
 21177 | D:13     | Found Kahuc's General Store.
 21182 | D:13     | Bought the +2 pair of boots of the Orb {Int+2} for 334 gold pieces
 21189 | D:13     | Lost mutation: You are dopey. (Int -2) [potion of cure mutation]
 21189 | D:13     | Lost mutation: You have a pair of small antennae on your head. [potion of cure mutation]
 21189 | D:13     | Lost mutation: You are clumsy. (Dex -2) [potion of cure mutation]
 21268 | D:13     | Reached XP level 15. HP: 147/147 MP: 15/15
 21656 | D:14     | Got a crude long sword
 21663 | D:14     | Identified a scroll of acquirement
 21664 | D:14     | Got an encrusted executioner's axe
 21665 | D:14     | Identified the +8 executioner's axe "Gouf" {pain, rElec} (You acquired it on level 14 of the Dungeon)
 21685 | D:14     | Identified the +6 long sword of Winter {slice, rC- Str+3} (You found it on level 14 of the Dungeon)
 21771 | D:15     | Entered Level 15 of the Dungeon
 21782 | D:15     | Reached skill level 1 in Spellcasting
 21868 | D:15     | Reached skill level 23 in Axes
 22230 | D:15     | Found a staircase to the Depths.
 22874 | Shoals:1 | Entered Level 1 of the Shoals
 22928 | Shoals:1 | Your ally Syrus died
 22935 | Shoals:1 | Gained Zartorak as an ally
 22936 | Shoals:1 | Your ally Olfik died
 22947 | Shoals:1 | Reached skill level 24 in Axes
 23808 | Shoals:3 | Noticed a kraken
 23823 | Shoals:3 | Killed a kraken
 23928 | Shoals:3 | Your ally Zartorak died
 23942 | Shoals:3 | Reached XP level 16. HP: 49/155 MP: 15/17
 24108 | Shoals:3 | Reached skill level 25 in Axes
 24234 | Shoals:4 | Entered Level 4 of the Shoals
 24508 | Shoals:4 | Your ally Olfik died
 24524 | Shoals:4 | Your ally Zartorak died
 24872 | Snake:1  | Entered Level 1 of the Snake Pit
 24883 | Snake:1  | Found a frozen archway.
 24890 | IceCv    | Entered an ice cave
 25392 | Snake:1  | Noticed Nikola
 25408 | Snake:1  | Killed Nikola
 25647 | Snake:1  | Got a polished long sword
 25648 | Snake:1  | Identified the +3 long sword of Sloth {holy, *Rage +Inv rC- Dex+7} (You found it on level 1 of the Snake Pit)
 26480 | Snake:2  | Found Abiliaqa's Weapon Shoppe.
 26948 | Snake:2  | Noticed a nagaraja
 26962 | Snake:2  | Reached skill level 15 in Armour
 26963 | Snake:2  | Killed a nagaraja
 26974 | Snake:2  | Reached XP level 17. HP: 72/161 MP: 11/18
 27183 | Snake:4  | Entered Level 4 of the Snake Pit
 27339 | Snake:4  | Found a deep blue altar of Sif Muna.
 27355 | Snake:4  | Noticed Mara
 27358 | Snake:4  | Noticed Idleism's illusion
 27385 | Snake:4  | Noticed Idleism's illusion
 27393 | Snake:4  | Killed Mara
 27705 | Snake:4  | Got a polished ring mail
 27706 | Snake:4  | Identified the +0 ring mail "Aholufec" {rC+ Regen+ Str+2} (You found it on level 4 of the Snake Pit)
 27829 | Snake:4  | Noticed Jorgrun
 27838 | Snake:4  | Killed Jorgrun
 27858 | Snake:4  | Found Nyxawk's Jewellery Boutique.
 27858 | Snake:4  | Found Huololy's Gadget Shoppe.
 27859 | Snake:4  | Found Poha's Jewellery Boutique.
 28059 | Snake:4  | Your ally Bogwik died
 28561 | Orc:1    | Found a roughly hewn altar of Beogh.
 28614 | Orc:1    | Found a roughly hewn altar of Beogh.
 29094 | Snake:3  | Gained Oruk as an ally
 29101 | Snake:3  | Noticed Vajrapani's ghost (adept TrFi)
 29123 | Snake:3  | Killed Vajrapani's ghost
 29394 | Snake:4  | Your ally Oruk died
 30042 | Snake:4  | Reached XP level 18. HP: 64/169 MP: 19/19
 30343 | Snake:4  | Got a serpentine rune of Zot
 31096 | Shoals:4 | Got a barnacled rune of Zot
 31434 | Orc:2    | Entered Level 2 of the Orcish Mines
 31434 | Orc:2    | Found a staircase to the Elven Halls.
 31532 | Elf:1    | Entered Level 1 of the Elven Halls
 31556 | Elf:1    | Found a radiant altar of Vehumet.
 31652 | Elf:1    | Noticed Aizul
 31654 | Elf:1    | Gained Bolgrim as an ally
 31659 | Elf:1    | Killed Aizul
 31659 | Elf:1    | Gained Koronagh as an ally
 31665 | Elf:1    | Gained Norbak as an ally
 32017 | Elf:1    | Your ally Koronagh died
 32183 | Elf:1    | Your ally Bolgrim died
 32268 | Elf:2    | Reached skill level 1 in Evocations
 32597 | Elf:2    | Found a runed gate.
 32597 | Elf:2    | Found a runed gate.
 32597 | Elf:2    | Found a runed gate.
 32679 | Elf:2    | Noticed a deep elf blademaster
 32691 | Elf:2    | Your ally Norbak died
 32694 | Elf:2    | Gained Gorm as an ally
 32695 | Elf:2    | Killed a deep elf blademaster
 32695 | Elf:2    | Reached XP level 19. HP: 118/183 MP: 22/22
 32700 | Elf:2    | Reached skill level 5 in Evocations
 33197 | Orc:2    | Found Kahougih's Distillery.
 33209 | Orc:2    | Bought a potion of heal wounds for 75 gold pieces
 33209 | Orc:2    | Bought a potion of heal wounds for 75 gold pieces
 33209 | Orc:2    | Bought a potion of heal wounds for 75 gold pieces
 33209 | Orc:2    | Bought a potion of heal wounds for 75 gold pieces
 33244 | Orc:2    | Found Jopoin's Weapon Shoppe.
 33244 | Orc:2    | Found Etwa's Magic Scroll Shop.
 33253 | Orc:2    | Found Illupp's Assorted Antiques.
 33254 | Orc:2    | Found Zaguejau's General Store.
 33295 | Orc:2    | Bought a potion of beneficial mutation for 455 gold pieces
 33295 | Orc:2    | Gained mutation: You evolve. [potion of beneficial mutation]
 33573 | Depths:1 | Entered Level 1 of the Depths
 33818 | Depths:1 | Your ally Gorm died
 33863 | Depths:1 | Gained Grimold as an ally
 33870 | Depths:1 | Found a gateway to Hell.
 33954 | Depths:1 | You fall through a shaft!
 34001 | Depths:2 | Your ally Grimold died
 34499 | Depths:1 | Identified Deohem's Grimoire of Conjuration and Poisoning
 34644 | Depths:2 | Reached skill level 26 in Axes
 35053 | Depths:2 | Reached XP level 20. HP: 191/195 MP: 24/24
 35333 | Depths:2 | Lost mutation: You have sharp fingernails. [evolution]
 35350 | Depths:2 | Reached skill level 27 in Axes
 35597 | Depths:3 | Gained Boldo as an ally
 35617 | Depths:3 | Your ally Boldo died
 35677 | Depths:3 | Found a one-way gate to the infinite horrors of the Abyss.
 35677 | Depths:3 | Noticed Louise
 35689 | Depths:3 | Killed Louise
 35776 | Depths:3 | Found a runed door.
 35781 | Depths:3 | Noticed a juggernaut
 35781 | Depths:3 | Noticed a juggernaut
 35782 | Depths:3 | Noticed a golden dragon
 35789 | Depths:3 | Killed a juggernaut
 35851 | Depths:3 | Noticed a golden dragon
 35866 | Depths:3 | Killed a golden dragon
 36283 | Depths:3 | Found a flickering gateway to a bazaar.
 36292 | Bazaar   | Entered a bazaar
 36292 | Bazaar   | Found Silotus's General Store.
 36296 | Bazaar   | Bought a scroll of acquirement for 624 gold pieces
 36306 | Bazaar   | Found Idiv's Magic Scroll Shop.
 36317 | Bazaar   | Found Cuaf's Jewellery Emporium.
 36328 | Bazaar   | Found Hetsomede's Antique Weapon Boutique.
 36336 | Bazaar   | Found Wiab's Antique Armour Boutique.
 36358 | Bazaar   | Bought an uncursed ring of positive energy for 180 gold pieces
 36477 | Depths:3 | Gained Bogbarth as an ally
 36605 | Depths:3 | Got a ring of the Octopus King
 36758 | Depths:3 | Found a one-way gate leading to the halls of Pandemonium.
 36978 | Depths:3 | Your ally Bogbarth died
 37008 | Depths:3 | HP: 3/203 [juggernaut (14)]
 37012 | Depths:3 | Slain by a juggernaut

Skill      XL: |  1  2  3  4  5  6  7  8  9 10 11 12 13 14 15 16 17 18 19 20 |
---------------+-------------------------------------------------------------+-----
Axes           | 3 4 5 7 8 9 12 15 16 20 22 24 25 26 27 | 27.0
Fighting       | 4 10 12 16 17 19 20 23 | 23.1
Armour         | 5 6 10 11 15 18 19 | 19.2
Spellcasting   | 1 |  1.1
Evocations     | 4 6 |  6.0
Shields        | |  3.2

Action                   |  1- 3 |  4- 6 |  7- 9 | 10-12 | 13-15 | 16-18 | 19-21 || total
-------------------------+-------+-------+-------+-------+-------+-------+-------++-------
Melee: War axe           |   116 |   205 |   497 |   354 |       |       |       ||  1172
       Battleaxe         |       |       |       |   137 |   520 |       |       ||   657
       Unarmed           |       |       |       |    11 |       |       |       ||    11
       Executioner's axe |       |       |       |       |   170 |   890 |   574 ||  1634
Invok: Convert to Beogh  |       |     1 |       |       |       |       |       ||     1
       Recall Orcish Fol |       |       |       |     3 |     9 |    12 |     3 ||    27
       Resurrection      |       |       |       |       |     1 |     1 |       ||     2
       Give Item to Name |       |       |       |       |     1 |       |       ||     1
Evoke: Wand              |       |       |       |       |       |       |    18 ||    18
  Use: Potion            |       |     2 |    13 |     5 |     5 |    11 |     4 ||    40
       Scroll            |       |     8 |     5 |     5 |     7 |    13 |    11 ||    49
 Stab: Distracted        |       |       |       |     3 |     7 |     8 |     2 ||    20
  Eat: Chunk             |       |     7 |    25 |    24 |    19 |     6 |     5 ||    86
       Pizza             |       |       |     1 |       |       |     3 |       ||     4
       Beef jerky        |       |       |     1 |       |       |     1 |     1 ||     3
       Meat ration       |       |       |       |       |       |     3 |     2 ||     5
       Fruit             |       |       |       |       |       |     3 |       ||     3
Armor: Scale mail        |    58 |    70 |       |       |       |       |       ||   128
       Plate armour      |       |    25 |   262 |   259 |   493 |   110 |       ||  1149
       Crystal plate arm |       |       |       |       |       |   547 |   515 ||  1062
       Gold dragon scale |       |       |       |       |       |       |    36 ||    36
Dodge: Dodged            |    42 |    48 |    52 |    92 |   230 |   207 |   147 ||   818
Block: Shield            |    49 |    96 |   176 |   113 |       |       |       ||   434
       Other             |       |       |       |       |   176 |   288 |   221 ||   685
       Reflection        |       |       |       |       |    19 |    48 |    27 ||    94
